 Dungeon Crawl Stone Soup version 0.20.0-8-g6b59dc7 (webtiles) character file.

230 HeyBub the Chopper (level 5, 0/70 HPs)
             Began as a Minotaur Monk on June 2, 2017.
             Slain by a gnoll
             ... wielding a +0 spear
              (1 damage)
             ... on level 2 of the Dungeon.
             The game lasted 00:01:45 (1587 turns).

HeyBub the Chopper (Minotaur Monk)                  Turns: 1587, Time: 00:01:45

Health: 0/70       AC: 22    Str: 16    XL:     5   Next: 72%
Magic:  4/4        EV:  2    Int:  7    God:
Gold:   72         SH:  0    Dex: 13    Spells: 4/4 levels left

rFire    . . .     SeeInvis .   a - +0 hand axe
rCold    . . .     Gourm    .   (no shield)
rNeg     + + +     Faith    .   (armour currently unavailable)
rPois    +         Spirit   .   (helmet currently unavailable)
rElec    .         Reflect  .   (cloak currently unavailable)
rCorr    .         Harm     .   (gloves currently unavailable)
MR       .....     NoTele   +   (boots currently unavailable)
Stlth    ++........             (no amulet)
Regen    0.3/turn               (no ring)
MPRegen  0.1/turn               (no ring)

@: tree-form, hasted, very quick
A: (retaliatory headbutt)
a: no special abilities


You were on level 2 of the Dungeon.
You were not hungry.
You were a tree.
You visited 1 branch of the dungeon, and saw 2 of its levels.

You collected 72 gold pieces.

Inventory:

Hand Weapons
 a - a +0 hand axe (weapon)
Armour
 b - a +0 robe (melded)
Scrolls
 d - a scroll of blinking {unknown}
 e - 3 scrolls of remove curse {unknown}
 f - 3 scrolls of fog {unknown}
 h - 2 scrolls of identify {unknown}
 i - a scroll of fear {unknown}
 m - a scroll of immolation {unknown}
 o - a scroll of amnesia {unknown}
Potions
 l - a potion of heal wounds {unknown}
 n - a potion of flight {unknown}
Comestibles
 c - 2 bread rations
 g - a royal jelly


   Skills:
 + Level 4.8 Fighting
 + Level 6.3 Axes
 + Level 4.2 Dodging
 - Level 1.8 Stealth


You had 4 spell levels left.
You didn't know any spells.

Dungeon Overview and Level Annotations

Branches:
Dungeon (2/15)

Altars:


Innate Abilities, Weirdness & Mutations

((You reflexively headbutt those who attack you in melee.))
((You have a pair of horns on your head.))


Message History

The gnoll closely misses you.
The gnoll hits you from afar with a spear.
You hit the gnoll but do no damage.
The gnoll is moderately wounded.
The gnoll barely misses you. The gnoll hits you with a flail.
You hit the gnoll.
The gnoll is severely wounded.
The gnoll barely misses you. The gnoll hits you with a flail!
* * * LOW HITPOINT WARNING * * *
You hit the gnoll but do no damage. You headbutt the gnoll.
You kill the gnoll!
The gnoll hits you from afar with a spear.
* * * LOW HITPOINT WARNING * * *
It was a potion of haste.
You feel yourself speed up.
The gnoll hits you from afar with a spear.
* * * LOW HITPOINT WARNING * * *
You turn into a tree.
Your +0 robe melds into your body.
Your roots penetrate the ground.
The gnoll hits you from afar with a spear.
You die...

. #.......... .##
#.#......## ...
######.####..... #.#
#......# #...[. #.#
#.###### #..... #.#
#.# #.....
#.####'##### ###.....
#)##.......# #.......
#†g)♣......# #.######
####..)....###'######
#........÷.[......
#.................
#.................
#.................
#.................
#.................
#.......##########


You could see a gnoll.

Vanquished Creatures
  Sigmund (D:2)
  3 gnolls
  A dart slug (D:2)
  6 giant cockroaches
  5 goblins
  3 hobgoblins
  2 jackals (D:2)
  4 bats
  3 frilled lizards
  5 kobolds
  4 rats (D:1)
37 creatures vanquished.

Notes
Turn   | Place    | Note
-------+----------+-------------------------------------------
     0 | D:1      | HeyBub the Minotaur Monk began the quest for the Orb.
     0 | D:1      | Reached XP level 1. HP: 19/19 MP: 0/0
   249 | D:1      | Reached XP level 2. HP: 25/27 MP: 1/1
   278 | D:1      | Reached skill level 4 in Axes
   698 | D:1      | Reached XP level 3. HP: 33/33 MP: 2/2
  1357 | D:2      | Noticed Sigmund
  1380 | D:2      | Killed Sigmund
  1380 | D:2      | Reached skill level 6 in Axes
  1380 | D:2      | Reached XP level 4. HP: 16/41 MP: 3/3
  1380 | D:2      | Reached XP level 5. HP: 19/47 MP: 4/4
  1586 | D:2      | HP: 1/47 [gnoll/spear (4)]
  1587 | D:2      | Slain by a gnoll

Skill      XL: |  1  2  3 |
---------------+----------+-----
Axes           | 4 6 |  6.3
Fighting       | 4 |  4.8
Dodging        | 4 |  4.2
Stealth        | |  1.8

Action                   |  1- 3 |  4- 6 || total
-------------------------+-------+-------++-------
Melee: Hand axe          |    60 |    30 ||    90
       Headbutt          |     7 |     1 ||     8
  Use: Potion            |     2 |     2 ||     4
 Stab: Sleeping          |     5 |       ||     5
  Eat: Chunk             |     1 |     1 ||     2
Armor: Robe              |     3 |     1 ||     4
       Skin              |     9 |     9 ||    18
Dodge: Dodged            |    29 |     9 ||    38
